 Dungeon Crawl Stone Soup version 0.29.1-15-g9cfb28693d (webtiles) character file.

Game seed: 17550400323673131856

2982 KamiKatze the Cleaver (level 9, -1/56 HPs)
             Began as a Gargoyle Berserker on Mar 6, 2023.
             Was a Priest of Trog.
             Slain by Maggie
             ... wielding a +4 war axe of flaming
              (13 damage)
             ... on level 7 of the Dungeon.
             The game lasted 00:23:55 (7283 turns).

KamiKatze the Cleaver (Gargoyle Berserker)          Turns: 7283, Time: 00:23:56

Health: -1/56      AC: 14    Str: 25    XL:     9   Next: 83%
Magic:  9/9        EV: 14    Int:  8    God:    Trog [***...]
Gold:   408        SH:  0    Dex:  9    Spells: 8/8 levels left

rFire   + . .      SeeInvis .   a - +1 hand axe (vorpal)
rCold   + . .      Faith    .   (no shield)
rNeg    + . .      Spirit   .   B - +0 scale mail
rPois   ∞          Reflect  .   m - +0 helmet
rElec   +          Harm     .   L - scarf {rC+ rF+}
rCorr   .          Rampage  .   (no gloves)
Will    ++...                   (no boots)
Stlth   ..........              s - amulet of regeneration
HPRegen 1.98/turn               r - +4 ring of evasion
MPRegen 0.11/turn               I - ring of flight

@: mighty, strong-willed, flying, mesmerised, regenerating
A: sickness immunity, AC +6, negative energy resistance 1, electricity
resistance, torment resistance 1, petrification resistance
a: Renounce Religion, Berserk, Trog's Hand


You were on level 7 of the Dungeon.
You worshipped Trog.
Trog was most pleased with you.
You visited 1 branch of the dungeon, and saw 7 of its levels.
You also visited: Bailey.

You collected 408 gold pieces.

Inventory:

Hand Weapons
 a - a +1 vorpal hand axe (weapon)
 w - a +2 mace of holy wrath
 A - a +0 war axe
 C - a +4 battleaxe
 E - a +0 morningstar
 F - a +3 battleaxe
 G - a +2 hand axe
 M - a +1 vampiric trident
Missiles
 n - 16 poisoned darts (quivered)
 p - 4 curare-tipped darts
 u - 6 atropa-tipped darts
 y - a throwing net
Armour
 e - a +0 ring mail
 k - a +0 cloak
 m - a +0 helmet (worn)
 q - a scarf of repulsion
 B - a +0 scale mail (worn)
 L - a scarf of resistance (worn)
Jewellery
 r - a +4 ring of evasion (left hand)
 s - an amulet of regeneration (around neck)
 I - a ring of flight (right hand)
 N - a ring of fire
Wands
 x - a wand of flame (41)
Scrolls
 b - a scroll of butterflies {unknown}
 c - 2 scrolls of enchant weapon {unknown}
 f - 3 scrolls of immolation {unknown}
 g - a scroll of poison
 i - a scroll of fear {unknown}
 v - a scroll of acquirement {unknown}
 O - 2 scrolls of identify
 P - a scroll of noise {unknown}
Potions
 d - 5 potions of curing
 h - a potion of cancellation {unknown}
 j - 5 potions of degeneration
 l - 2 potions of might
 o - 2 potions of attraction
 t - 2 potions of berserk rage
 z - a potion of mutation {unknown}
 D - 2 potions of invisibility {unknown}
 H - a potion of brilliance {unknown}
 K - 2 potions of heal wounds


   Skills:
 + Level 6.5 Fighting
 * Level 10.4 Axes
 - Level 2.0 Throwing
 + Level 4.0 Armour
 + Level 2.7 Dodging
 - Level 2.0 Evocations


You had 8 spell levels left.
You didn't know any spells.
Your spell library was empty.

Dungeon Overview and Level Annotations

Branches:
Dungeon (7/15)             Bailey (visited)
 Temple: D:4-7

Altars:
Vehumet

Shops:
D:2 :   D:4 [

Annotations:
D:7 2 transporters, Maggie; Prince Ribbit; burchardtist's ghost, novice PaAK


Innate Abilities, Weirdness & Mutations

You are immune to sickness and miasma.
Your stone body is resilient. (AC +6)
You are immune to poison.
You resist negative energy. (rN+)
You are resistant to electric shocks. (rElec)
You are resistant to unholy torment.
You are immune to petrification.


Message History

The jelly hits you but does no damage.
You completely miss the jelly.
The jelly is almost dead.
You hit Maggie. Maggie closely misses you.
The jelly hits you but does no damage.
You hit the jelly.
You kill the jelly!
Trog accepts your kill.
You slash Maggie!
Maggie hits you with a +4 war axe of flaming!
Prince Ribbit misses you.
Your Armour skill increases to level 4!
You hit Maggie.
Maggie is heavily wounded.
You miss Prince Ribbit.
Prince Ribbit hits you but does no damage.
Maggie gestures wildly while chanting.
Maggie draws you further into her thrall.
You hit Maggie.
Maggie is severely wounded.
You slash Prince Ribbit!
Prince Ribbit hits you but does no damage.
You hit Maggie.
Maggie is severely wounded.
You hit Prince Ribbit.
Maggie hits you with a +4 war axe of flaming!
Maggie burns you. Prince Ribbit barely misses you.
You slash Maggie!
Maggie is almost dead.
You miss Prince Ribbit. Prince Ribbit hits you!
* * * LOW HITPOINT WARNING * * *
Maggie hits you with a +4 war axe of flaming.
* * * LOW HITPOINT WARNING * * *
Unknown command.
You closely miss Maggie.
Maggie is almost dead.
You barely miss Prince Ribbit. Prince Ribbit hits you!
* * * LOW HITPOINT WARNING * * *
Maggie hits you with a +4 war axe of flaming!
You die...

... ##.#####.
#.....[.... #..#
#. #...........
#.## #.
##............##.#
## #........
#...#### #
#........
####...###
#.....s# ###...##
#....F@# ###...
#@# #..# #.# #...
#.# ##.. #.# ##.
#.# ## #.# # #.#
#.# #.#


You could see Maggie (mesmerising), Prince Ribbit and a scorpion.

Vanquished Creatures
  Menkaure (D:5)
  Duvessa (D:6)
  3 water moccasins
  An ice beast (D:7)
  2 black bears
  2 orc warriors (Bailey)
  2 ogres (D:4)
  2 centaurs
  A phantom (D:7)
  2 necrophages
  2 scorpions
  A gnoll sergeant (D:6)
  4 wights (D:7)
  Dowan (D:6)
  A howler monkey (D:5)
  4 hounds
  3 jellies
  Crazy Yiuf (D:3)
  An orc priest (D:4)
  A gnoll bouda (D:3)
  8 iguanas
  Ijyb (D:5)
  3 orc wizards
  9 gnolls
  12 adders
  2 white imps
  4 worms
  3 dart slugs
  26 orcs
  5 endoplasms
  6 giant cockroaches
  13 hobgoblins
  7 quokkas
  5 ball pythons
  5 bats
  4 frilled lizards
  20 goblins
  6 kobolds
  4 rats
179 creatures vanquished.

Vanquished Creatures (others)
  8 plants
8 creatures vanquished.

Grand Total: 187 creatures vanquished

Notes
Turn   | Place    | Note
-------+----------+-------------------------------------------
     0 | D:1      | KamiKatze the Gargoyle Berserker began the quest for the
                  | Orb.
     0 | D:1      | Reached XP level 1. HP: 14/14 MP: 1/1
   266 | D:1      | Reached XP level 2. HP: 11/19 MP: 2/2
   698 | D:1      | Reached skill level 3 in Axes
   804 | D:2      | Reached XP level 3. HP: 21/23 MP: 3/3
   960 | D:2      | Found Ceruvajaotimp's Vocational Training.
  1002 | D:2      | Reached XP level 4. HP: 23/29 MP: 4/4
  1147 | D:2      | Reached ** piety under Trog
  1271 | D:2      | Identified the +3 leather armour of Vaustos {-Tele rPois
                  | Str+3 Dex+2}
  1838 | D:3      | Reached XP level 5. HP: 33/34 MP: 5/5
  2187 | D:3      | Found a runed translucent door.
  2188 | D:3      | Noticed Crazy Yiuf
  2195 | D:3      | Killed Crazy Yiuf
  2196 | D:3      | Reached skill level 1 in Throwing
  2196 | D:3      | Reached skill level 1 in Evocations
  2437 | D:4      | Found a radiant altar of Vehumet.
  2504 | D:4      | Reached XP level 6. HP: 33/40 MP: 6/6
  2631 | D:4      | Reached skill level 4 in Axes
  2654 | D:4      | Reached skill level 5 in Fighting
  2812 | D:3      | Reached *** piety under Trog
  2913 | D:4      | Reached XP level 7. HP: 31/44 MP: 7/7
  3051 | D:4      | Reached skill level 5 in Axes
  3293 | D:4      | You fall into a shaft and drop 3 floors!
  3298 | D:7      | Found a transporter.
  3321 | D:7      | Found a flagged portal.
  3328 | Bailey   | Entered a bailey
  3719 | Bailey   | Reached skill level 6 in Axes
  3719 | Bailey   | Reached XP level 8. HP: 8/51 MP: 8/8
  4129 | D:6      | Noticed Dowan
  4194 | D:6      | Noticed Duvessa
  4217 | D:7      | Reached skill level 7 in Axes
  4309 | D:7      | Found a transporter.
  4336 | D:7      | Noticed burchardtist's ghost (novice PaAK)
  4719 | D:7      | Reached skill level 8 in Axes
  4979 | D:5      | Entered Level 5 of the Dungeon
  4979 | D:5      | Noticed Ijyb
  5003 | D:5      | Killed Ijyb
  5024 | D:5      | Reached XP level 9. HP: 50/55 MP: 9/9
  5143 | D:5      | Reached skill level 9 in Axes
  5277 | D:4      | Found Wol Iwk's Antique Armour Shop.
  5679 | D:5      | Noticed Menkaure
  5695 | D:5      | Killed Menkaure
  5702 | D:5      | Reached skill level 10 in Axes
  5931 | D:5      | Reached **** piety under Trog
  6220 | D:6      | Killed Dowan
  6230 | D:6      | Killed Duvessa
  7267 | D:7      | Noticed Maggie
  7267 | D:7      | Noticed Prince Ribbit
  7283 | D:7      | Slain by Maggie

Illustrated notes

Levels and vault maps discovered:
D:1:      minmay_arrival_jagged, layout_basic
D:2:      layout_basic, serial_forest, infiniplex_forest_straight_2,
          infiniplex_forest_clump_small, infiniplex_forest_straight_4,
          infiniplex_forest_clump_curved, infiniplex_forest_clump_large,
          infiniplex_forest_diagonal, infiniplex_forest_corner_1,
          nicolae_shop_vocational
D:3:      corexii_shack_village, layout_basic, uniq_crazy_yiuf_cottage
D:4:      layout_basic, general_overflow_altar, serial_shops, kennysheep_mini,
          kennysheep_doodads, serial_park_tiny_2
D:5:      layout_rooms, serial_aquarium, aquarium_bridge_square
          [aquarium_subvault_bridge, aquarium_subvault_bridge,
          aquarium_subvault_window, aquarium_subvault_wall],
          aquarium_window_fake, aquarium_window_1, aquarium_window_fake,
          aquarium_window_fake, aquarium_view_2b, aquarium_view_2f, uniq_ijyb,
          uniq_menkaure
D:6:      layout_basic, uniq_duvessa
D:7:      layout_cave_pods, temple_hall, enter_bailey_3,
          gammafunk_ghost_stat_death, uniq_prince_ribbit1, uniq_maggie

Skill      XL: |  1  2  3  4  5  6  7  8  9 |
---------------+----------------------------+-----
Axes           | 3 4 6 8 10 | 10.4
Dodging        | 2 |  2.7
Armour         | 3 4 |  4.0
Fighting       | 4 5 6 |  6.5
Throwing       | 1 2 |  2.0
Evocations     | 1 2 |  2.0

Action                   |  1- 3 |  4- 6 |  7- 9 || total
-------------------------+-------+-------+-------++-------
Melee: Hand axe          |    96 |   190 |   388 ||   674
       Punch             |     2 |     1 |     6 ||     9
Throw: Dart              |       |       |     3 ||     3
Invok: Berserk           |     2 |     1 |     7 ||    10
       Trog's Hand       |       |     1 |     3 ||     4
  Use: Scroll            |       |       |     7 ||     7
       Potion            |       |       |     1 ||     1
Armor: Animal skin       |     5 |       |       ||     5
       Leather armour    |    13 |       |       ||    13
       Ring mail         |    17 |    64 |    14 ||    95
       Scale mail        |       |       |   138 ||   138
Dodge: Dodged            |    58 |   125 |   300 ||   483
